AoeStats
← INOX

Baltic

510591794Analyzed
4v4 RM · 24h ago on Oct 1, 2026· 34m 20s· 8 players
Game mode
Random Map
Map size
Large (8 player)
Population
200
Speed
Normal
Resources
Standard
Victory
Conquest
Starting age
Dark Age
Ending age
Imperial Age
RankedLock teamsTeams togetherTeam positionsShared explorationLock speedFull tech treeHidden civsTurbo modeCheats
Victory
Defeat
🇨🇱 Saxons · Chile
851
+14
🇭🇰 Inca · Hong Kong SAR China
838
+15
🇧🇷 Portuguese · Brazil
818
+16
🇧🇷 Jurchens · Brazil
779
+17
🇫🇷 Malay · France
862
-18
🇨🇭 Mongols · Switzerland
833
-38
🇫🇷 Vietnamese · France
815
-38
736
-12
INOX
2:11 Loom
14:10 Feudal Age
15:47 Wheelbarrow
15:46 Double-Bit Axe
15:46 Horse Collar
16:46 Fishing Lines
17:40 Gold Mining
18:29 Stone Mining
27:56 Castle Age
25:57 Town Watch
30:38 Scale Mail Armor
30:48 Forging
Scanderbeg^ReX¬ALBANIE
0:30 Loom
14:13 Feudal Age
14:42 Double-Bit Axe
14:39 Horse Collar
15:05 Fishing Lines
17:22 Gold Mining
18:49 Stone Mining
19:26 Bloodlines
20:20 Wheelbarrow
22:17 Castle Age
24:06 Heavy Plow
24:44 Gold Shaft Mining
24:50 Bow Saw
26:46 Stone Shaft Mining
25:54 Demolition Ship
26:29 Gillnets
27:23 Elite Skirmisher
28:39 Fletching
Skibidi Bop
9:16 Loom
11:31 Feudal Age
25:25 Castle Age
25:21 Medium Warships
25:44 Double-Bit Axe
25:43 Horse Collar
27:28 Husbandry
27:41 Forging
28:48 Scale Barding Armor
32:42 Fletching
32:53 Padded Archer Armor
Smour
1:30 Loom
10:17 Feudal Age
11:47 Double-Bit Axe
14:31 Arson
15:41 Wheelbarrow
14:51 Town Watch
18:18 Bloodlines
18:29 Gold Mining
18:30 Stone Mining
21:14 Forging
26:19 Castle Age
24:34 Stone Mining
28:25 Hand Cart
28:10 Town Patrol
28:08 Pikeman
Carrizuwu
12:48 Feudal Age
15:14 Forging
15:06 Scale Mail Armor
16:40 Double-Bit Axe
16:52 Horse Collar
23:25 Man-at-Arms
24:39 Fletching
24:50 Padded Archer Armor
25:00 Arson
29:12 Castle Age
30:20 Thumb Ring
31:24 Bodkin Arrow
32:04 Iron Casting
32:05 Squires
32:57 Long Swordsman
33:24 Gambesons
33:00 Pikeman
34:19 Wheelbarrow
33:30 Loom
Gods ;*
13:06 Feudal Age
13:40 Double-Bit Axe
14:12 Stone Mining
16:43 Fishing Lines
17:30 Gold Mining
26:19 Castle Age
24:48 Horse Collar
27:22 Medium Warships
27:05 Gillnets
29:00 Ballistics
28:50 Clinker Construction
30:05 Bow Saw
32:43 Heavy Plow
33:21 Careening
36:23 Imperial Age
Gustavo
0:27 Loom
13:23 Feudal Age
17:10 Castle Age
15:58 Fishing Lines
16:13 Double-Bit Axe
16:13 Horse Collar
20:59 Wheelbarrow
21:36 Gillnets
22:02 Gold Mining
22:02 Stone Mining
24:09 Hand Cart
26:13 Bow Saw
26:05 Heavy Plow
32:37 Imperial Age
On2toy
11:47 Feudal Age
13:36 Double-Bit Axe
17:16 Fishing Lines
21:44 Loom
22:35 Wheelbarrow
21:46 Town Watch
27:13 Castle Age
28:30 Hand Cart
29:07 Horse Collar
31:27 Heavy Plow
Connection lost

Rejoining the realm…

Still unreachable

The connection could not be restored.

Session expired

The server has moved on; the page needs a fresh start.